 Dungeon Sprint DCSS version 0.16-a0-3472-g5ce0ac0 (webtiles) character file.

25041 BluebellGnoll the Sorcerer (level 12, 51/59 HPs)
             Began as a Deep Elf Enchanter on Jan 3, 2015.
             Was the Champion of Vehumet.
             Quit the game in the Dungeon (Sprint IX: "|||||||||||||||||||||||||||||").
             The game lasted 00:39:08 (4139 turns).

BluebellGnoll the Sorcerer (Deep Elf Enchanter)     Turns: 4139, Time: 00:39:08

Health: 51/59      AC:  9    Str:  5    XL:     12   Next: 86%
Magic:  1/40       EV: 28    Int: 26    God:    Vehumet [******]
Gold:   24         SH:  0    Dex: 15    Spells: 13 memorised, 4 levels left

rFire  . . .     SeeInvis .     H - +2 short sword (venom)
rCold  . . .     Clarity  .     b - +1 robe
rNeg   . . .     SustAb   .     (no shield)
rPois  x         Gourm    .     I - +2 hat {MR+}
rElec  .         Spirit   .     R - +1 cloak
rCorr  .         Warding  .     r - +0 pair of gloves
rMut   .         NoTele   +     G - +0 pair of boots
MR     ++...                    (no amulet)
Stlth  ++++++....               s - +2 ring of evasion
                                k - +2 ring of evasion

@: poison vulnerable, very resistant to hostile enchantments, very stealthy
A: no striking features
a: Renounce Religion


You were in the Dungeon.
You worshipped Vehumet.
Vehumet was exalted by your worship.
You were not hungry.

You visited 1 branch You collected 1850 gold pieces.
You spent 1826 gold pieces at shops.

Inventory:

Hand weapons
 p - the +4 quarterstaff of Urgency {elec, rF+}
   (You found it in the Dungeon)

   Occasionally, upon striking a foe, it will discharge some electrical energy
   and cause terrible harm.
   It protects you from fire.
 q - a +2 rapier of distortion
 u - a +2 shortbow of evasion
 H - a +2 short sword of venom (weapon)
Missiles
 a - a throwing net (quivered)
 v - 44 arrows
Armour
 b - a +1 robe (worn)
 r - a +0 pair of gloves (worn)
 D - a swamp dragon hide
 G - a +0 pair of boots (worn)
 I - a +2 hat of magic resistance (worn)
 R - a +1 cloak (worn)
Magical staves
 o - an uncursed staff of energy
Jewellery
 k - a +2 ring of evasion (left hand)
 s - a +2 ring of evasion (right hand)
 t - an uncursed ring of protection from cold
 M - an uncursed ring of protection from magic
Magical devices
 n - a wand of draining (5)
Scrolls
 j - 3 scrolls of blinking
 l - 5 scrolls of remove curse
 m - 3 scrolls of amnesia
 y - 6 scrolls of enchant weapon
 B - 4 scrolls of fog
 P - 3 scrolls of identify
Potions
 e - 11 potions of curing
 f - 8 potions of heal wounds
 g - 2 potions of invisibility
 h - 4 potions of magic
 i - 2 potions of berserk rage
 w - 2 potions of might
 x - 3 potions of agility
 z - a potion of brilliance
 A - 4 potions of restore abilities
 J - 4 potions of cancellation
 K - 2 potions of ambrosia
 L - a potion of lignification
 N - a potion of resistance
 Q - a potion of haste
Books
 c - a book of Maledictions

   Spells                             Type                      Level
   a - Corona                         Hexes                        1
   b - Sure Blade                     Hexes/Charms                 2
   c - Ensorcelled Hibernation        Hexes/Ice                    2
   d - Confuse                        Hexes                        3
   e - Dazzling Spray                 Conjuration/Hexes            3
   f - Enslavement                    Hexes                        4
Miscellaneous
 C - a lantern of shadows
 O - a stone of tremors
Comestibles
 d - 13 bread rations
 E - 37 fruits
 F - 12 meat rations


   Skills:
 - Level 10.5 Short Blades
 * Level 17.9 Dodging
 - Level 15.7 Stealth
 + Level 22.3 Spellcasting
 - Level 15.1 Conjurations
 - Level 7.3 Hexes
 - Level 9.7 Air Magic


You had 4 spell levels left.
You knew the following spells:

 Your Spells              Type           Power        Failure   Level  Hunger
a - Corona                Hex            ######.      1%          1    None
b - Ensorcelled Hibernat  Hex/Ice        #####.       1%          2    None
c - Confuse               Hex            ######..     1%          3    None
d - Sure Blade            Hex/Chrm       #####.....   1%          2    None
e - Dazzling Spray        Conj/Hex       ######..     1%          3    None
f - Enslavement           Hex            ######..     1%          4    None
g - Inner Flame           Hex/Fire       #####...     1%          3    None
h - Force Lance           Conj/Tloc      ######..     1%          4    None
i - Iskenderun's Battles  Conj/Chrm      ######..     1%          5    None
j - Bolt of Draining      Conj/Necr      ######....   1%          5    None
k - Poisonous Cloud       Conj/Pois/Air  ######....   2%          6    None
l - Orb of Destruction    Conj           #######...   1%          7    ###....
m - Bolt of Fire          Conj/Fire      ######....   3%          6    None


Dungeon Overview and Level Annotations

Branches:
Dungeon (1/1)

Altars:
Cheibriados
Dithmenos
Elyvilon
Fedhas
Gozag
Kikubaaqudgha
Makhleb
Nemelex Xobeh
Okawaru
Qazlal
Ru
Sif Muna
Trog
Vehumet
Xom
Yredelemnul
Zin
The Shining One
Beogh
Jiyva
Lugonu

Shops:
D !*%!

Annotations:
D Harold


Message History

Casting: Confuse
Confirm with . or Enter, or press ? or * to list all spells.
Aiming: Confuse
Press: ? - help, Shift-Dir - straight line, f - naga sharpshooter, p - naga ritualist
Aim: a naga sharpshooter, wielding a short sword (chance 26%)
The naga sharpshooter easily resists.
The naga sharpshooter unwields an uncursed short sword.
The naga sharpshooter wields an arbalest.
The naga sharpshooter shoots a bolt.
The bolt misses you.
The naga ritualist hits the naga sharpshooter with a dagger of venom.
Casting: Confuse
Confirm with . or Enter, or press ? or * to list all spells.
You don't have enough magic to cast that spell.
Throwing (i - inventory):
a - a throwing net (quivered)
Press: ? - help, Shift-Dir - straight line, f/p - naga sharpshooter
Aim: a naga sharpshooter, wielding an arbalest (lightly wounded)
Okay, then.
Unknown command.
Unknown command.
Are you sure you want to abandon this character and quit the game? (Confirm with "yes".)

.......................(.........
▓▓▓▓▓▓▓▓▓▓▓▓▓▓▓▓▓▓▓▓▓▓▓▓▓▓▓▓▓▓▓▓▓
∩.∩.∩)))))')...........').).)....
▓▓▓▓▓▓▓▓▓▓▓▓▓▓▓▓▓▓▓▓▓▓▓▓▓▓▓▓▓▓▓▓▓
.................................
▓▓▓▓▓▓▓▓▓▓▓▓▓▓▓▓▓▓▓▓▓▓▓▓▓▓▓▓▓▓▓▓▓
...)...)').......).[[[[[[[[.).)))
▓▓▓▓▓▓▓▓▓▓▓▓▓▓▓▓▓▓▓▓▓▓▓▓▓▓▓▓▓▓▓▓▓
...†.[........N.@................
▓▓▓▓▓▓♣÷♣♣♣♣♣.♣N▓▓▓▓▓▓▓▓▓▓▓▓▓▓▓▓▓
+.....[..[+. +.†.†.†.
▓♣♣♣♣♣♣♣♣♣♣▓▓ ▓▓▓▓▓▓▓▓


You could see a naga sharpshooter and a naga ritualist (confused).

Vanquished Creatures
  Frances (D)
  A fire giant (D)
  Gastronok (D)
  An ettin (D)
  Josephine (D)
  2 deep troll shamans (D)
  6 orc high priests (D)
  Erolcha (D)
  A swamp dragon (D)
  An unseen horror (D)
  3 spriggan druids (D)
  11 orc knights (D)
  An orc sorcerer (D)
  A water nymph (shapeshifter) (D)
  A moth of wrath (D)
  A spiny frog (D)
  A yaktaur (D)
  A torpor snail (D)
  A komodo dragon (D)
  A demonic crawler (D)
  6 polar bears (D)
  2 jumping spiders (D)
  4 bog bodies (D)
  A raven (D)
  A redback (D)
  A trapdoor spider (D)
  2 tarantellas (D)
  A yak (D)
  A wraith (D)
  A mottled dragon (D)
  2 porcupines (D)
  3 black bears (D)
  An ice beast (shapeshifter) (D)
  A spider (D)
  8 orc warriors (D)
  An eye of draining (D)
  2 centaurs (D)
  2 crocodiles (D)
  A sky beast (D)
  A giant frog (D)
  A killer bee (D)
  4 orc priests (D)
  2 hounds (D)
  An iguana (D)
  2 orc wizards (D)
  A hell rat (D)
  2 adders (D)
  2 river rats (D)
  A shadow imp (D)
  2 adder zombies (D)
  An adder simulacrum (D)
  8 orcs (D)
  A bat (D)
  A bat skeleton (D)
  2 giant cockroaches (D)
  A goblin (D)
  A hobgoblin (D)
  2 kobolds (D)
  A quokka (D)
  A bat simulacrum (D)
  A giant gecko (D)
  A giant spore (D)
  A jackal skeleton (D)
  A quokka zombie (D)
  A rat (D)
  A ballistomycete (D)
  A fungus (D)
124 creatures vanquished.

Vanquished Creatures (others)
  A komodo dragon (D)
  A yak (D)
  A deep elf mage (D)
  An orc priest (D)
  A giant gecko (D)
5 creatures vanquished.

Grand Total: 129 creatures vanquished

Notes
Turn   | Place    | Note
--------------------------------------------------------------
     0 | D        | BluebellGnoll, the Deep Elf Enchanter, began the quest for the Orb.
     0 | D        | Reached XP level 1. HP: 10/10 MP: 5/5
    16 | D        | Reached skill level 5 in Stealth
    38 | D        | Reached skill level 6 in Stealth
   150 | D        | Noticed a sky beast
   150 | D        | Noticed an orc wizard
   154 | D        | Reached XP level 2. HP: 15/15 MP: 6/8
   159 | D        | Killed an orc wizard
   159 | D        | Reached skill level 9 in Stealth
   159 | D        | Reached XP level 3. HP: 19/19 MP: 6/10
   178 | D        | Learned a level 2 spell: Ensorcelled Hibernation
   182 | D        | Learned a level 3 spell: Confuse
   185 | D        | Learned a level 2 spell: Sure Blade
   199 | D        | Killed a sky beast
   199 | D        | Reached XP level 4. HP: 22/24 MP: 4/20
   204 | D        | Learned a level 3 spell: Dazzling Spray
   209 | D        | Learned a level 4 spell: Enslavement
   217 | D        | Found a glowing silver altar of Zin.
   217 | D        | Found a glowing golden altar of the Shining One.
   217 | D        | Found an ancient bone altar of Kikubaaqudgha.
   217 | D        | Found a basalt altar of Yredelemnul.
   217 | D        | Found a shimmering altar of Xom.
   217 | D        | Found a radiant altar of Vehumet.
   217 | D        | Found an iron altar of Okawaru.
   218 | D        | Found a burning altar of Makhleb.
   219 | D        | Found a deep blue altar of Sif Muna.
   220 | D        | Found a bloodstained altar of Trog.
   221 | D        | Found a sparkling altar of Nemelex Xobeh.
   222 | D        | Found a white marble altar of Elyvilon.
   223 | D        | Found a roughly hewn altar of Beogh.
   224 | D        | Found a viscous altar of Jiyva.
   225 | D        | Became a worshipper of Vehumet
   226 | D        | Found a corrupted altar of Lugonu.
   227 | D        | Found a blossoming altar of Fedhas.
   228 | D        | Found a snail-covered altar of Cheibriados.
   229 | D        | Found a shadowy altar of Dithmenos.
   230 | D        | Found a stormy altar of Qazlal.
   231 | D        | Found an opulent altar of Gozag.
   232 | D        | Found a sacrificial altar of Ru.
   251 | D        | Got the +4 quarterstaff of Urgency {elec, rF+}
   292 | D        | Noticed an orc priest
   292 | D        | Noticed a wight
   292 | D        | Noticed an ice beast
   378 | D        | Killed an orc priest
   378 | D        | Reached XP level 5. HP: 11/28 MP: 15/22
   559 | D        | Noticed a crocodile
   559 | D        | Noticed a centaur
   559 | D        | Noticed a killer bee
   559 | D        | Noticed an eye of draining
   559 | D        | Noticed a golden eye
   570 | D        | Noticed an ice beast
   570 | D        | a golden eye changed into an ice beast
   578 | D        | Killed an ice beast
   578 | D        | Acquired Vehumet's first power
   578 | D        | Offered knowledge of Sting by Vehumet.
   578 | D        | Reached skill level 5 in Dodging
   578 | D        | Reached skill level 10 in Spellcasting
   687 | D        | Killed a killer bee
   687 | D        | Reached skill level 11 in Spellcasting
   687 | D        | Reached XP level 6. HP: 27/32 MP: 23/27
   688 | D        | Killed a centaur
   688 | D        | Reached skill level 13 in Spellcasting
   689 | D        | Killed an eye of draining
   689 | D        | Reached skill level 14 in Spellcasting
   693 | D        | Killed a crocodile
   693 | D        | Reached XP level 7. HP: 30/36 MP: 20/31
   830 | D        | Noticed a hound
   830 | D        | Noticed a yak
   830 | D        | Noticed a spiny frog
   830 | D        | Noticed a crocodile
   832 | D        | Offered knowledge of Flame Tongue by Vehumet.
   834 | D        | Killed a crocodile
   834 | D        | Reached skill level 15 in Spellcasting
   835 | D        | Noticed an iguana
   837 | D        | Acquired Vehumet's second power
   849 | D        | Banished a yak
   849 | D        | Reached skill level 16 in Spellcasting
   852 | D        | Killed a hound
   859 | D        | Killed an iguana
   859 | D        | Acquired Vehumet's third power
   874 | D        | Killed a spiny frog
   874 | D        | Reached skill level 17 in Spellcasting
   874 | D        | Reached XP level 8. HP: 38/41 MP: 23/34
   907 | D        | Noticed a hound
   907 | D        | Noticed a hell rat
   907 | D        | Noticed a porcupine
   907 | D        | Noticed a porcupine
   907 | D        | Noticed a giant frog
   907 | D        | Noticed a polar bear
   907 | D        | Noticed a spiny frog
   908 | D        | Noticed a komodo dragon
   910 | D        | Noticed a yak
   914 | D        | Killed a giant frog
   919 | D        | Killed a porcupine
   924 | D        | Killed a porcupine
   924 | D        | Reached skill level 10 in Stealth
   926 | D        | Killed a hell rat
   929 | D        | Killed a hound
   932 | D        | Killed a yak
   940 | D        | Banished a komodo dragon
   940 | D        | Reached skill level 10 in Dodging
   992 | D        | Noticed a polar bear
   992 | D        | Noticed a black bear
   992 | D        | Noticed a polar bear
   992 | D        | Noticed a polar bear
   992 | D        | Noticed a black bear
   992 | D        | Noticed a polar bear
   992 | D        | Noticed a black bear
  1014 | D        | Killed a black bear
  1014 | D        | Offered knowledge of Static Discharge by Vehumet.
  1027 | D        | Killed a black bear
  1031 | D        | Killed a polar bear
  1041 | D        | Killed a polar bear
  1051 | D        | Noticed a polar bear
  1062 | D        | Killed a polar bear
  1104 | D        | Killed a black bear
  1104 | D        | Reached XP level 9. HP: 28/45 MP: 35/35
  1106 | D        | Killed a polar bear
  1278 | D        | Killed a polar bear
  1278 | D        | Offered knowledge of Inner Flame by Vehumet.
  1304 | D        | Learned a level 3 spell: Inner Flame
  1334 | D        | Noticed Harold
  1381 | D        | Noticed Josephine
  1393 | D        | Offered knowledge of Force Lance by Vehumet.
  1403 | D        | Killed Josephine
  1403 | D        | Reached skill level 15 in Stealth
  1576 | D        | Learned a level 4 spell: Force Lance
  1576 | D        | Noticed an orc wizard
  1576 | D        | Noticed an orc priest
  1576 | D        | Noticed an orc sorcerer
  1576 | D        | Noticed an orc priest
  1577 | D        | Noticed an orc priest
  1583 | D        | Killed an orc sorcerer
  1583 | D        | Offered knowledge of Iskenderun's Battlesphere by Vehumet.
  1590 | D        | Killed an orc priest
  1596 | D        | Killed an orc priest
  1605 | D        | Banished an orc priest
  1618 | D        | Killed an orc wizard
  1640 | D        | Noticed an orc warrior
  1648 | D        | Killed an orc warrior
  1700 | D        | Learned a level 5 spell: Iskenderun's Battlesphere
  1701 | D        | Noticed an orc knight
  1701 | D        | Noticed an orc priest
  1701 | D        | Noticed an orc warrior
  1701 | D        | Noticed an orc warrior
  1701 | D        | Noticed an orc warrior
  1701 | D        | Noticed an orc warrior
  1714 | D        | Killed an orc warrior
  1724 | D        | Killed an orc warrior
  1724 | D        | Offered knowledge of Bolt of Draining by Vehumet.
  1732 | D        | Learned a level 5 spell: Bolt of Draining
  1760 | D        | Killed an orc warrior
  1775 | D        | Killed an orc knight
  1775 | D        | Reached XP level 10. HP: 50/50 MP: 18/36
  1783 | D        | Killed an orc warrior
  1888 | D        | Noticed an orc high priest
  1888 | D        | Killed an orc priest
  1889 | D        | Noticed an orc knight
  2254 | D        | Killed an orc high priest
  2257 | D        | Noticed an orc warrior
  2269 | D        | Killed an orc warrior
  2292 | D        | Noticed an orc warrior
  2298 | D        | Killed an orc warrior
  2307 | D        | Noticed an orc warrior
  2323 | D        | Killed an orc warrior
  2333 | D        | Killed an orc knight
  2333 | D        | Reached skill level 10 in Short Blades
  2500 | D        | Found Gusun's Distillery.
  2500 | D        | Noticed an orc high priest
  2500 | D        | Noticed an orc knight
  2500 | D        | Noticed an orc high priest
  2500 | D        | Noticed an orc knight
  2500 | D        | Noticed an orc high priest
  2500 | D        | Noticed an orc knight
  2501 | D        | Found Sapiph's Food Shop.
  2502 | D        | Killed an orc knight
  2502 | D        | Offered knowledge of Poisonous Cloud by Vehumet.
  2527 | D        | Learned a level 6 spell: Poisonous Cloud
  2543 | D        | Noticed an ice devil
  2543 | D        | Noticed an orc knight
  2547 | D        | Noticed an orc knight
  2548 | D        | Killed an orc high priest
  2548 | D        | Killed an orc knight
  2548 | D        | Reached skill level 18 in Spellcasting
  2548 | D        | Killed an orc knight
  2548 | D        | Reached XP level 11. HP: 54/54 MP: 19/37
  2549 | D        | Killed an orc high priest
  2550 | D        | Killed an orc high priest
  2550 | D        | Reached skill level 19 in Spellcasting
  2565 | D        | Killed an orc knight
  2633 | D        | Found Pymo's General Store.
  2642 | D        | Found Prac's Distillery.
  2645 | D        | Noticed an orc high priest
  2667 | D        | Killed an orc high priest
  2667 | D        | Reached skill level 10 in Conjurations
  2673 | D        | Noticed an orc high priest
  2674 | D        | Noticed an orc knight
  2679 | D        | Noticed an orc knight
  2682 | D        | Noticed an orc knight
  2684 | D        | Killed an orc high priest
  2695 | D        | Killed an orc knight
  2695 | D        | Reached skill level 20 in Spellcasting
  2711 | D        | Killed an orc knight
  2711 | D        | Offered knowledge of Spellforged Servitor by Vehumet.
  2717 | D        | Killed an orc knight
  2781 | D        | Bought a potion of decay for 10 gold pieces
  2781 | D        | Bought a potion of cancellation for 80 gold pieces
  2781 | D        | Bought a potion of cancellation for 80 gold pieces
  2781 | D        | Bought a potion of cancellation for 80 gold pieces
  2781 | D        | Bought a potion of curing for 30 gold pieces
  2781 | D        | Bought a potion of ambrosia for 80 gold pieces
  2781 | D        | Bought a potion of lignification for 30 gold pieces
  2781 | D        | Bought 2 potions of curing for 60 gold pieces
  2781 | D        | Bought a potion of heal wounds for 50 gold pieces
  2781 | D        | Bought a potion of mutation for 25 gold pieces
  2781 | D        | Bought a potion of agility for 40 gold pieces
  2781 | D        | Bought a potion of resistance for 100 gold pieces
  2783 | D        | Bought a stone of tremors for 400 gold pieces
  2783 | D        | Bought a potion of restore abilities for 50 gold pieces
  2783 | D        | Bought a scroll of remove curse for 30 gold pieces
  2783 | D        | Bought a scroll of identify for 20 gold pieces
  2783 | D        | Bought a scroll of identify for 20 gold pieces
  2783 | D        | Bought a scroll of blinking for 75 gold pieces
  2783 | D        | Bought 2 potions of curing for 60 gold pieces
  2787 | D        | Bought a potion of heal wounds for 55 gold pieces
  2787 | D        | Bought a potion of heal wounds for 55 gold pieces
  2787 | D        | Bought a potion of heal wounds for 55 gold pieces
  2787 | D        | Bought a potion of heal wounds for 55 gold pieces
  2787 | D        | Bought a potion of haste for 110 gold pieces
  2787 | D        | Bought a potion of cancellation for 88 gold pieces
  2787 | D        | Bought a potion of invisibility for 88 gold pieces
  2810 | D        | Noticed Gastronok
  2956 | D        | Killed Gastronok
  2993 | D        | Noticed Erolcha
  3004 | D        | Killed Erolcha
  3004 | D        | Reached skill level 21 in Spellcasting
  3167 | D        | Killed a polar bear
  3167 | D        | Reached skill level 1 in Air Magic
  3217 | D        | Noticed a wraith
  3217 | D        | Noticed a komodo dragon
  3217 | D        | Noticed a mottled dragon
  3217 | D        | Noticed an orc knight
  3217 | D        | Noticed a centaur
  3218 | D        | Noticed an orc knight
  3225 | D        | Killed an unseen horror
  3225 | D        | Killed a komodo dragon
  3229 | D        | Noticed a yaktaur
  3229 | D        | Killed an orc knight
  3229 | D        | Reached skill level 5 in Air Magic
  3230 | D        | Killed a yaktaur
  3231 | D        | Noticed a fire giant
  3231 | D        | Killed a centaur
  3231 | D        | Killed an orc knight
  3236 | D        | Noticed an ettin
  3238 | D        | Killed a mottled dragon
  3238 | D        | Offered knowledge of Conjure Ball Lightning by Vehumet.
  3240 | D        | Killed a wraith
  3240 | D        | Reached XP level 12. HP: 59/59 MP: 23/40
  3246 | D        | Killed a fire giant
  3264 | D        | Killed an ettin
  3341 | D        | Noticed a deep troll shaman
  3343 | D        | Noticed a deep troll shaman
  3345 | D        | Noticed a deep elf mage
  3416 | D        | Killed a deep troll shaman
  3426 | D        | Killed a deep troll shaman
  3542 | D        | Banished a deep elf mage
  3546 | D        | Reached skill level 15 in Conjurations
  3597 | D        | Noticed Frances
  3615 | D        | Killed Frances
  3615 | D        | Offered knowledge of Orb of Destruction by Vehumet.
  3624 | D        | Learned a level 7 spell: Orb of Destruction
  3695 | D        | Noticed a jumping spider
  3695 | D        | Noticed a tarantella
  3695 | D        | Noticed a redback
  3695 | D        | Noticed a jumping spider
  3695 | D        | Noticed a demonic crawler
  3695 | D        | Noticed a spider
  3696 | D        | Noticed a torpor snail
  3699 | D        | Killed a spider
  3700 | D        | Killed a tarantella
  3700 | D        | Killed a jumping spider
  3700 | D        | Killed a tarantella
  3700 | D        | Killed a redback
  3701 | D        | Killed a trapdoor spider
  3704 | D        | Killed a demonic crawler
  3705 | D        | Killed a torpor snail
  3705 | D        | Offered knowledge of Bolt of Fire by Vehumet.
  3712 | D        | Killed a jumping spider
  3721 | D        | Learned a level 6 spell: Bolt of Fire
  3910 | D        | Noticed a spriggan druid
  3912 | D        | Killed a spriggan druid
  3913 | D        | Noticed a bog body
  3921 | D        | Noticed a bog body
  3925 | D        | Killed a bog body
  3926 | D        | Killed a bog body
  3927 | D        | Noticed a bog body
  3945 | D        | Noticed a raven
  3948 | D        | Killed a bog body
  3950 | D        | Killed a raven
  3952 | D        | Noticed a bog body
  4016 | D        | Noticed a swamp dragon
  4033 | D        | Killed a swamp dragon
  4065 | D        | Noticed a spriggan druid
  4065 | D        | Noticed a spriggan druid
  4075 | D        | Killed a spriggan druid
  4079 | D        | Killed a spriggan druid
  4079 | D        | Reached skill level 22 in Spellcasting
  4100 | D        | Noticed a moth of wrath
  4108 | D        | Killed a bog body
  4115 | D        | Killed a moth of wrath
  4133 | D        | Noticed a naga ritualist
  4138 | D        | Noticed a naga sharpshooter
  4139 | D        | Quit the game

Action                   |  1- 3 |  4- 6 |  7- 9 | 10-12 || total
-------------------------+-------+-------+-------+-------++-------
Melee: Dagger            |    38 |       |       |       ||    38
       Rapier            |       |    19 |    63 |    46 ||   128
       Short sword       |       |       |       |    35 ||    35
 Cast: Corona            |     8 |       |       |       ||     8
       Ensorcelled Hiber |     2 |     3 |    25 |       ||    30
       Confuse           |       |     9 |    27 |    54 ||    90
       Dazzling Spray    |       |       |    10 |    27 ||    37
       Sure Blade        |       |       |     4 |     2 ||     6
       Iskenderun's Batt |       |       |     3 |     9 ||    12
       Force Lance       |       |       |     2 |    17 ||    19
       Inner Flame       |       |       |     2 |       ||     2
       Bolt of Draining  |       |       |       |     8 ||     8
       Poisonous Cloud   |       |       |       |     2 ||     2
       Orb of Destructio |       |       |       |     7 ||     7
Evoke: Wand              |       |     2 |       |       ||     2
  Use: Potion            |     1 |     1 |       |       ||     2
 Stab: Sleeping          |     2 |     2 |    19 |     3 ||    26
       Confused          |       |     2 |     5 |    16 ||    23
       Fleeing           |       |       |       |     1 ||     1
       Invisible         |       |       |       |     1 ||     1
  Eat: Chunk             |       |       |     3 |     6 ||     9
       Fruit             |       |       |       |     3 ||     3
